 Dungeon Crawl Stone Soup version 0.30-a0-414-gcb316572d5 (webtiles) character file.

Game seed: 14805263306580912381

4540 McMuffin the Cleaver (level 10, -7/129 HPs)
             Began as a Hill Orc Fighter on Dec 7, 2022.
             Was a Follower of Beogh.
             Mangled by a ten-headed hydra (8 damage)
             ... on level 1 of the Lair of Beasts.
             The game lasted 00:37:01 (2874 turns).

McMuffin the Cleaver (Hill Orc Fighter)             Turns: 2874, Time: 00:37:02

Health: -7/129     AC: 29    Str: 24    XL:     10   Next: 40%
Magic:  10/10      EV:  2    Int:  8    God:    Beogh [*.....]
Gold:   161        SH: 10    Dex: 10    Spells: 9/9 levels left

rFire   . . .      SeeInvis .    G - +4 war axe of Nock {freeze, rN++}
rCold   . . .      Faith    .    c - +0 buckler
rNeg    + + .      Spirit   .    (body armour currently unavailable)
rPois   +          Reflect  +    (helmet currently unavailable)
rElec   .          Harm     .    (cloak currently unavailable)
rCorr   .          Rampage  .    (gloves currently unavailable)
Will    .....      NoTele   +    (boots currently unavailable)
Stlth   +.........               o - amulet of reflection
HPRegen 0.41/turn                n - ring of poison resistance
MPRegen 0.12/turn                s - +4 ring of protection

@: tree-form
A: stationary, stasis, torment immunity, boosted hp
a: Renounce Religion


You were on level 1 of the Lair of Beasts.
You worshipped Beogh.
Beogh was aware of your devotion.
You were a tree.
You visited 2 branches of the dungeon, and saw 10 of its levels.

You collected 161 gold pieces.

Inventory:

Hand Weapons
 a - a +0 war axe
 d - a +0 arbalest
 C - a +2 vorpal flail
 G - the +4 war axe of Nock (weapon) {freeze, rN++}
   (You took it off a kobold brigand on level 6 of the Dungeon)

   It freezes those it strikes, dealing additional cold damage.
   It can also slow down cold-blooded creatures.
   rN:        It greatly protects you from negative energy.
 K - a +3 dire flail
 L - a +3 great sword
 M - a +5 falchion
Missiles
 i - a curare-tipped dart
 p - 2 javelins
 H - 13 poisoned darts (quivered)
Armour
 c - a +0 buckler (worn)
 k - a +0 plate armour (melded)
 l - a +0 helmet (melded)
Magical Staves
 D - a staff of earth
Jewellery
 j - a ring of see invisible
 n - a ring of poison resistance (left branch)
 o - an amulet of reflection (around neck)
 s - a +4 ring of protection (right branch)
 v - a ring of ice
 w - an amulet of regeneration
 F - a ring of see invisible
Wands
 E - a wand of paralysis (11)
 N - a wand of digging (3)
Scrolls
 b - a scroll of blinking {unknown}
 q - a scroll of identify
 x - 3 scrolls of noise {unknown}
 y - 3 scrolls of fog
 z - a scroll of enchant armour {unknown}
 A - a scroll of silence {unknown}
 B - 2 scrolls of immolation {unknown}
 I - a scroll of amnesia {unknown}
 J - a scroll of brand weapon {unknown}
 O - a scroll of torment {unknown}
Potions
 e - a potion of lignification
 f - a potion of cancellation {unknown}
 h - 4 potions of brilliance
 m - a potion of degeneration {unknown}
 r - 2 potions of curing {unknown}
 t - a potion of haste {unknown}
 u - a potion of attraction {unknown}


   Skills:
 + Level 7.3 Fighting
 + Level 11.5(11.8) Axes
 + Level 3.2(7.0) Maces & Flails
 + Level 3.2 Throwing
 + Level 7.9 Armour
 + Level 2.1 Dodging
 + Level 0.2 Stealth
 + Level 7.6 Shields
 + Level 0.8 Evocations


You had 9 spell levels left.
You didn't know any spells.
Your spell library contained the following spells:

 Spells                   Type           Power      Damage    Failure   Level
 Apportation              Tloc           0%         N/A       47%         1
 Alistair's Intoxication  Tmut/Pois      0%         N/A       100%        5


Dungeon Overview and Level Annotations

Branches:
Dungeon (11/15)            Temple (0/1) D:7            Lair (1/5) D:11
    Orc: D:9-12

Altars:
Cheibriados
Qazlal

Shops:
D:4 *


Message History

The nine-headed hydra is moderately wounded.
The nine-headed hydra bites you but does no damage.
You block the nine-headed hydra's attack.
The nine-headed hydra bites you!
* * * LOW HITPOINT WARNING * * *
You block the nine-headed hydra's attack.
The nine-headed hydra bites you but does no damage.
The nine-headed hydra bites you.
* * * LOW HITPOINT WARNING * * *
The nine-headed hydra bites you but does no damage.
You block the nine-headed hydra's attack. x2
Aiming: Throw Flame
Press: ? - help, Shift-Dir - straight line, f/p - nine-headed hydra
Aim: a nine-headed hydra (moderately wounded, slow, 89% to hit)
The puff of flame hits the nine-headed hydra!
The nine-headed hydra is moderately wounded.
The nine-headed hydra is no longer moving slowly.
You cannot move.
Aiming: Throw Flame
Press: ? - help, Shift-Dir - straight line, f/p - nine-headed hydra
Aim: a nine-headed hydra (moderately wounded, 89% to hit)
The puff of flame hits the nine-headed hydra.
The nine-headed hydra is heavily wounded.
The now-empty wand crumbles to dust.
The nine-headed hydra bites you but does no damage. x2
You block the nine-headed hydra's attack. x2
The nine-headed hydra bites you but does no damage.
The nine-headed hydra bites you!
* * * LOW HITPOINT WARNING * * *
You block the nine-headed hydra's attack.
The nine-headed hydra bites you but does no damage. x2
You chop one of the nine-headed hydra's heads off!
The eight-headed hydra grows two more!
You slice the ten-headed hydra!!
The ten-headed hydra seems to slow down.
You freeze the ten-headed hydra!
The ten-headed hydra is heavily wounded.
You block the ten-headed hydra's attack.
The ten-headed hydra bites you but does no damage.
The ten-headed hydra bites you!
You die...

. .# #.## #...#
.....# . # #......
....#.#####.......
.......<♣D(...!.#
.#########......#
###...#.# #..#
...# ..# .# .#


You could see a ten-headed hydra (slow).

Vanquished Creatures
  A fire crab (D:11)
  2 manticores (D:11)
  A cyclops (D:11)
  A gargoyle (D:11)
  Sigmund (D:3)
  A wyvern (D:7)
  4 yaks
  A steam dragon (D:8)
  A water moccasin (D:5)
  An orc warrior (D:8)
  2 black bears (D:5)
  A phantom (D:6)
  2 kobold brigands
  A bullfrog (D:7)
  3 scorpions
  A necrophage (D:8)
  5 wights (D:7)
  2 hounds (D:6)
  2 gnoll boudas
  An orc priest (D:11)
  2 orc wizards
  A mummy (D:6)
  10 gnolls
  9 adders
  A white imp (D:5)
  A worm (D:2)
  7 orcs
  A bat (D:3)
  3 endoplasms
  3 goblins (D:2)
  3 hobgoblins
  2 ball pythons
  A frilled lizard (D:2)
  15 kobolds
93 creatures vanquished.

Notes
Turn   | Place    | Note
-------+----------+-------------------------------------------
     0 | D:1      | McMuffin the Hill Orc Fighter began the quest for the Orb.
     0 | D:1      | Reached XP level 1. HP: 19/19 MP: 1/1
    93 | D:2      | Reached skill level 3 in Axes
    93 | D:2      | Reached XP level 2. HP: 20/27 MP: 2/2
    99 | D:2      | Found a snail-covered altar of Cheibriados.
   451 | D:3      | Noticed Sigmund
   458 | D:3      | Killed Sigmund
   459 | D:3      | Reached skill level 4 in Axes
   459 | D:3      | Reached XP level 3. HP: 14/34 MP: 3/3
   459 | D:3      | Reached XP level 4. HP: 17/41 MP: 4/4
   459 | D:3      | Reached XP level 5. HP: 19/47 MP: 5/5
   637 | D:4      | Reached XP level 6. HP: 17/53 MP: 6/6
   642 | D:4      | Reached skill level 5 in Armour
   804 | D:4      | Reached skill level 5 in Axes
   932 | D:4      | Found Balag's Assorted Antiques.
   951 | D:5      | Entered Level 5 of the Dungeon
   988 | D:5      | Noticed a water moccasin
   989 | D:5      | Noticed a black bear
  1004 | D:5      | Killed a water moccasin
  1005 | D:5      | Reached skill level 6 in Axes
  1005 | D:5      | Reached XP level 7. HP: 33/60 MP: 7/7
  1006 | D:5      | Reached skill level 5 in Fighting
  1082 | D:5      | Found a stormy altar of Qazlal.
  1112 | D:5      | Reached skill level 1 in Dodging
  1234 | D:6      | Became a worshipper of Beogh the Brigand
  1243 | D:6      | Found a snail-covered altar of Cheibriados.
  1258 | D:6      | Reached skill level 7 in Axes
  1258 | D:6      | Reached skill level 5 in Shields
  1279 | D:6      | Reached XP level 8. HP: 55/69 MP: 8/8
  1430 | D:6      | Reached skill level 1 in Maces & Flails
  1533 | D:6      | Identified the +4 war axe of Nock {freeze, rN++}
  1652 | D:6      | Reached * piety under Beogh
  1745 | D:7      | Reached skill level 1 in Throwing
  1782 | D:7      | Reached skill level 8 in Axes
  1829 | D:7      | Found a staircase to the Ecumenical Temple.
  1874 | D:8      | Noticed a yak
  1874 | D:8      | Noticed a yak
  1875 | D:8      | Noticed a yak
  1880 | D:8      | Noticed a yak
  1887 | D:8      | Killed a yak
  1888 | D:8      | Killed a yak
  1888 | D:8      | Noticed a wyvern
  1889 | D:8      | Reached XP level 9. HP: 16/75 MP: 9/9
  2066 | D:8      | Reached skill level 9 in Axes
  2299 | D:8      | You fall into a shaft and drop 3 floors!
  2311 | D:11     | Noticed a manticore
  2327 | D:11     | Killed a manticore
  2328 | D:11     | Reached skill level 10 in Axes
  2372 | D:11     | Noticed a gargoyle
  2389 | D:11     | Killed a gargoyle
  2414 | D:11     | Noticed a manticore
  2426 | D:11     | Killed a manticore
  2427 | D:11     | Reached XP level 10. HP: 34/86 MP: 10/10
  2455 | D:11     | Noticed a cyclops
  2464 | D:11     | Killed a cyclops
  2465 | D:11     | Reached skill level 11 in Axes
  2804 | D:11     | Found a staircase to the Lair.
  2806 | D:11     | Noticed a fire crab
  2831 | D:11     | Killed a fire crab
  2857 | Lair:1   | Entered Level 1 of the Lair of Beasts
  2860 | Lair:1   | Noticed a five-headed hydra
  2873 | Lair:1   | HP: 1/129 [nine-headed hydra (8)]
  2874 | Lair:1   | Mangled by a ten-headed hydra

Illustrated notes

Levels and vault maps discovered:
D:1:      onia_arrival_mini_spirals, layout_loops_ring
D:2:      layout_basic, basic_altar
D:3:      layout_basic, hellmonk_ecumenical_altar_inner_sanctum, uniq_sigmund
D:4:      layout_cave_pods, serial_column_ruins, column_ruins_hut_ruined,
          column_ruins_open_small, column_ruins_grid_1, column_ruins_open_small,
          column_ruins_columns_corner, nicolae_stop_n_shop_1,
          minmay_three_crescents
D:5:      layout_rooms, mainiacjoe_overflow_surrounded_room
D:6:      layout_gridville, slow_altar_1, corexii_leaking_fountain
D:7:      wander_river, layout_basic, minmay_temple_entry_mini_moons
D:8:      layout_basic, minitemple
D:11:     layout_long_grid, minmay_lair_entry_lava
Lair:1:   layout_layer_cave

Skill      XL: |  1  2  3  4  5  6  7  8  9 10 |
---------------+-------------------------------+-----
Axes           | 3 4 6 7 8 10 11 | 11.5
Fighting       | 4 5 6 7 |  7.3
Armour         | 4 5 6 7 |  7.9
Shields        | 4 5 6 7 |  7.6
Dodging        | 1 2 |  2.1
Maces & Flails | 3 |  3.2
Throwing       | 1 2 3 |  3.2
Stealth        | |  0.2
Evocations     | |  0.8

Action                   |  1- 3 |  4- 6 |  7- 9 | 10-12 || total
-------------------------+-------+-------+-------+-------++-------
Melee: War axe           |    32 |    74 |   132 |    26 ||   264
       Flail             |       |       |    53 |       ||    53
Throw: Javelin           |       |     1 |    20 |       ||    21
       Dart              |       |       |     6 |    11 ||    17
Invok: Convert to Beogh  |       |       |     1 |       ||     1
Evoke: Wand              |       |       |     3 |     5 ||     8
  Use: Scroll            |     3 |     1 |       |     1 ||     5
       Potion            |     1 |     1 |     3 |     1 ||     6
Armor: Scale mail        |    16 |    44 |    90 |       ||   150
       Plate armour      |       |       |     5 |    19 ||    24
       Chain mail        |       |       |     4 |       ||     4
       Skin              |       |       |       |    14 ||    14
Dodge: Dodged            |    11 |    40 |    88 |     7 ||   146
Block: Buckler           |     4 |    54 |   127 |    30 ||   215
       Reflection        |       |     4 |     2 |     4 ||    10

Table legend: (Time is in decaauts)
 A = Elapsed time spent in this place.
 B = Non-inter-level travel time spent in this place.
 C = Inter-level travel time spent in this place.
 D = Time resting spent in this place.
 E = Time spent auto-exploring this place.
 F = Levels seen in this place.
 G = Mean time per level.
                   A        B        C        D        E       F      G
               +--------+--------+--------+--------+--------+-----+--------+
         Total |   2944 |   2944 |      0 |    427 |      0 |  10 |  294.4 |
       Dungeon |   2928 |   2928 |      0 |    427 |      0 |   9 |  325.3 |
          Lair |     16 |     16 |      0 |      0 |      0 |   1 |   16.0 |
               +--------+--------+--------+--------+--------+-----+--------+

Top non-repeatable levels by time:
    D:11: 558 daAuts
     D:7: 554 daAuts
     D:6: 523 daAuts
     D:2: 396 daAuts
     D:4: 391 daAuts
     D:5: 243 daAuts
     D:3: 123 daAuts
     D:8: 70 daAuts
     D:1: 66 daAuts
  Lair:1: 16 daAuts
